 Dungeon Crawl Stone Soup version 0.29-a0-330-g52719c12eb (webtiles) character file.

Game seed: 778817431610835255

57 Anon1729 the Slasher (level 3, -2/33 HPs)
             Began as a Minotaur Monk on Apr 29, 2022.
             Slain by a kobold
             ... wielding a +0 short sword
              (4 damage)
             ... on level 3 of the Dungeon.
             The game lasted 00:01:33 (1870 turns).

Anon1729 the Slasher (Minotaur Monk)                Turns: 1870, Time: 00:01:33

Health: -2/33      AC:  3    Str: 15    XL:     3   Next: 73%
Magic:  2/2        EV: 13    Int:  7    God:
Gold:   118        SH:  5    Dex: 14    Spells: 2/2 levels left

rFire   . . .      SeeInvis .   a - +0 falchion
rCold   . . .      Faith    .   (no shield)
rNeg    . . .      Spirit   .   b - +0 robe
rPois   .          Reflect  +   (helmet restricted)
rElec   .          Harm     .   f - +0 cloak
rCorr   .          Rampage  .   (no gloves)
Will    .....                   (no boots)
Stlth   ++........              m - amulet of reflection
HPRegen 0.11/turn               (no ring)
MPRegen 0.08/turn               (no ring)

@: no status effects
A: horns 2, retaliatory headbutt
a: no special abilities


You were on level 3 of the Dungeon.
You visited 1 branch of the dungeon, and saw 3 of its levels.

You collected 118 gold pieces.

Inventory:

Hand Weapons
 a - a +0 falchion (weapon)
Armour
 b - a +0 robe (worn)
 f - a +0 cloak (worn)
Jewellery
 m - an amulet of reflection (around neck)
Scrolls
 d - 3 scrolls of identify {unknown}
 g - a scroll of magic mapping {unknown}
 h - a scroll of silence {unknown}
 i - a scroll of enchant weapon {unknown}
 k - a scroll of enchant armour {unknown}
 l - a scroll of teleportation {unknown}
 n - a scroll of immolation {unknown}
Potions
 c - 4 potions of ambrosia
 e - a potion of berserk rage {unknown}
 j - 2 potions of curing {unknown}


   Skills:
 + Level 4.0 Fighting
 * Level 4.7 Long Blades
 + Level 1.2 Armour
 + Level 3.6 Dodging
 + Level 1.8 Stealth


You had 2 spell levels left.
You didn't know any spells.
Your spell library contained the following spells:

 Spells                   Type           Power      Damage    Failure   Level
 Slow                     Hex            0%         N/A       43%         1
 Confusing Touch          Hex            0%         N/A       80%         3
 Vampiric Draining        Necr           0%         2d6       80%         3


Dungeon Overview and Level Annotations

Branches:
Dungeon (3/15)

Altars:
Vehumet

Shops:
D:1 *


Innate Abilities, Weirdness & Mutations

You have a pair of horns on your head.
You reflexively headbutt those who attack you in melee.


Message History

The orc priest barely misses you.
You closely miss the orc priest. Your headbutt misses the orc priest.
The orc priest is lightly wounded.
The kobold misses you. The orc priest closely misses you.
You hit the orc priest.
The orc priest is moderately wounded.
The kobold hits you with a +0 short sword.
The orc priest hits you but does no damage.
You barely miss the orc priest.
The orc priest is moderately wounded.
The kobold hits you with a +0 short sword.
The orc priest hits you with a +0 flail.
You barely miss the orc priest.
The orc priest is moderately wounded.
The kobold barely misses you.
The orc hits you with a +2 flail of protection.
The orc priest invokes the aid of Beogh against you.
Pain shoots through your body! You block the orc's attack.
You are too injured to fight recklessly!
You are too injured to fight recklessly!
You hit the orc priest but do no damage.
The orc priest is moderately wounded.
The kobold barely misses you.
The orc hits you with a +2 flail of protection!
* * * LOW HITPOINT WARNING * * *
The orc barely misses you. You furiously retaliate!
You headbutt the orc. The orc attacks as you move away!
You block the orc's attack. The kobold attacks as you move away!
The kobold completely misses you. You furiously retaliate!
You headbutt the kobold. The kobold attacks as you move away!
The kobold hits you with a +0 short sword.
* * * LOW HITPOINT WARNING * * *
The kobold attacks as you move away! The kobold barely misses you.
The kobold attacks as you move away! The kobold hits you but does no damage.
The kobold attacks as you move away!
The kobold hits you with a +0 short sword.
* * * LOW HITPOINT WARNING * * *
The kobold attacks as you move away!
The kobold hits you with a +0 short sword.
You die...

..........#
.......o..#
........oo#
#########o# #.#
#.#####
######o#...#
#.K....#.#.#
#@######.#.#
#.# #.#.####
#.# #.#....#
#.######.####.#
#......#.####.#
######.#......#
#.##.#..######
#....#.......#
#.#####.###.##


You could see an orc and a kobold.

Vanquished Creatures
  A worm (D:2)
  A dart slug (D:2)
  8 ball pythons
  2 bats
  6 endoplasms
  5 giant cockroaches
  3 goblins
  5 hobgoblins
  7 kobolds
  2 quokkas (D:1)
  3 frilled lizards
  4 rats (D:1)
47 creatures vanquished.

Notes
Turn   | Place    | Note
-------+----------+-------------------------------------------
     0 | D:1      | Anon1729 the Minotaur Monk began the quest for the Orb.
     0 | D:1      | Reached XP level 1. HP: 19/19 MP: 0/0
   391 | D:1      | Reached XP level 2. HP: 26/27 MP: 1/1
   810 | D:1      | Reached XP level 3. HP: 30/33 MP: 2/2
   987 | D:1      | Found Binuscho's Assorted Antiques.
  1010 | D:1      | Found a faded altar of an unknown god.
  1453 | D:2      | Reached skill level 1 in Armour
  1849 | D:3      | Found a radiant altar of Vehumet.
  1870 | D:3      | Slain by a kobold

Illustrated notes

Levels and vault maps discovered:
D:1:      sevenhm_arrival_forest_fort_small_4, layout_basic,
          hellmonk_ecumenical_altar_pennies_from_heaven, serial_shops,
          nicolae_shop_trees
D:2:      cheibrodos_helix_gallery, layout_basic, nrook_mini_vaults
D:3:      cheibrodos_pilgrimage, layout_basic, overflow_temple_1_default,
          mainiacjoe_overflow_paths, cheibrodos_gnoll_hut, uniq_ijyb

Skill      XL: |  1  2  3 |
---------------+----------+-----
Long Blades    | 4 |  4.7
Armour         | 1 |  1.2
Fighting       | 4 |  4.0
Dodging        | |  3.6
Stealth        | |  1.8

Action                   || total
-------------------------++-------
Melee: Falchion          ||   117
       Headbutt          ||    18
       Punch             ||     2
 Stab: Sleeping          ||    12
Armor: Robe              ||    28
Dodge: Dodged            ||    68
Block: Other             ||     9

Table legend: (Time is in decaauts)
 A = Elapsed time spent in this place.
 B = Non-inter-level travel time spent in this place.
 C = Inter-level travel time spent in this place.
 D = Time resting spent in this place.
 E = Time spent auto-exploring this place.
 F = Levels seen in this place.
 G = Mean time per level.
                   A        B        C        D        E       F      G
               +--------+--------+--------+--------+--------+-----+--------+
         Total |   1886 |   1846 |     40 |      0 |   1512 |   3 |  628.7 |
       Dungeon |   1886 |   1846 |     40 |      0 |   1512 |   3 |  628.7 |
               +--------+--------+--------+--------+--------+-----+--------+

Top non-repeatable levels by time:
     D:1: 1332 daAuts
     D:2: 459 daAuts
     D:3: 94 daAuts
